Map: King Sejong Station LE

Players

Method

  • Race: Terran Terran
  • League: Gold

Nickos - Winner!

  • Race: Terran Terran
  • League: Gold

VOD

Have the link to the VOD?

Description

Time

  • Played on: Sept. 23, 2016, 4:09 a.m.
  • Length: 10:46
Show
View Real Time Build Order
Export as new Build Order

Method Terran 

Build Orders: MMM Bio 

Get SALT Encoding   

  12  0:01  SCV  
  13  0:13  SCV  
  14  0:17  Supply Depot  
  14  0:25  SCV  
  15  0:39  SCV  
  15  0:40  Barracks  
  16  0:51  SCV  
  16  0:52  Refinery  
  17  1:01  Supply Depot  
  17  1:03  SCV  
  18  1:15  SCV  
  19  1:28  Orbital Command, Barracks Tech Lab  
  19  1:40  Barracks  
  19  1:54  SCV  
  20  2:01  Barracks, Marine  
  20  2:04  Stimpack  
  20  2:06  SCV  
  22  2:19  SCV  
  22  2:22  Refinery  
  23  2:23  Marine  
  23  2:29  Barracks Reactor  
  24  2:31  SCV  
  25  2:37  Supply Depot  
  25  2:41  Marine  
  25  2:43  SCV  
  27  2:51  Marine  
  28  2:57  Factory  
  28  2:58  SCV  
  28  3:03  Marine  
  30  3:06  Marine x2  
  30  3:08  Marine  
  33  3:20  Command Center  
  33  3:28  Marine  
  34  3:40  Starport  
  34  3:41  Factory Tech Lab  
  34  3:44  Marine  
  34  3:47  Barracks Reactor  
  35  4:00  Marine x2  
  35  4:02  Hellion  
  39  4:04  Combat Shields  
  39  4:23  Supply Depot  
  39  4:26  Supply Depot  
  39  4:30  Engineering Bay  
  39  4:31  Medivac, Marine x2  
  39  4:32  Engineering Bay  
  43  4:39  Marine x2  
  45  4:46  Siege Tank  
  45  4:49  Marauder  
  50  5:11  Marauder  
  52  5:32  Marauder  
  52  5:33  Terran Infantry Weapons Level 1, Terran Infantry Armor Level 1  
  54  5:40  Missile Turret  
  54  5:42  Orbital Command, Missile Turret  
  54  5:46  SCV  
  55  5:52  Liberator  
  55  5:58  SCV  
  56  6:07  Siege Tank  
  56  6:10  SCV  
  63  6:16  Barracks  
  63  6:28  SCV x2  
  65  6:36  Refinery  
  65  6:37  Refinery  
  65  6:40  SCV x2  
  45  6:52  SCV  
  39  6:55  Marine x2  
  39  6:56  Marine x2  
  43  7:04  Medivac  
  43  7:06  Siege Tank  
  43  7:08  Barracks Tech Lab  
  48  7:10  Barracks  
  48  7:14  Barracks  
  48  7:16  Factory  
  48  7:19  SCV x2  
  50  7:28  Marine x2  
  52  7:31  SCV x2  
  52  7:35  Marine x2  
  56  7:40  Infernal Pre-Igniter  
  56  7:46  Concussive Shells  
  56  7:48  Marine x2  
  58  8:06  Marauder, Marine x2  
  58  8:07  Marine  
  58  8:09  Barracks Tech Lab  
  56  8:28  Marauder  
  58  8:58  Factory Reactor  
  58  9:00  Hellion  
  60  9:03  Barracks Reactor  
  60  9:04  Starport Tech Lab  
  60  9:15  SCV x2  
  62  9:21  Hellion  
  64  9:25  Missile Turret  
  64  9:26  Command Center  
  64  9:27  SCV  
  65  9:35  Marauder x2  
  69  9:44  Marauder  
  60  9:51  Marine x5  
  60  9:52  Marine  
  42  9:56  Marauder x2  
  36  10:05  Marine  
  29  10:08  Marine  
  29  10:09  Marine x4  
  29  10:12  Marine  
Show
View Real Time Build Order
Export as new Build Order

Nickos Terran - Winner!

Build Orders:  

Get SALT Encoding   

  12  0:01  SCV  
  13  0:13  SCV  
  14  0:18  Supply Depot  
  14  0:25  SCV  
  15  0:39  SCV  
  15  0:41  Barracks  
  16  0:51  SCV  
  17  1:04  SCV  
  18  1:16  SCV  
  19  1:20  Command Center  
  19  1:29  Orbital Command  
  19  1:33  Marine  
  20  1:40  Supply Depot  
  20  1:51  Barracks  
  20  1:57  SCV  
  20  2:01  Marine  
  22  2:10  SCV  
  23  2:21  Marine  
  23  2:22  SCV  
  25  2:23  Barracks  
  25  2:28  Refinery  
  25  2:32  Refinery  
  25  2:34  SCV  
  26  2:39  Orbital Command  
  26  2:42  Marine  
  27  2:44  Marine  
  29  2:51  Bunker, SCV  
  29  3:00  Marine  
  30  3:06  SCV  
  30  3:07  SCV  
  30  3:09  Supply Depot  
  32  3:19  Barracks Tech Lab, SCV x2  
  34  3:20  Barracks Reactor  
  34  3:28  Barracks Reactor  
  34  3:33  Supply Depot, SCV x2  
  36  3:37  Barracks  
  36  3:40  Engineering Bay  
  36  3:45  Stimpack, SCV x2  
  36  3:47  Marine  
  39  3:56  Supply Depot  
  39  3:57  SCV  
  39  3:58  Marine, SCV  
  42  4:02  Marine  
  42  4:06  Marine x2  
  42  4:09  Terran Infantry Weapons Level 1, SCV  
  46  4:10  SCV  
  47  4:20  Marine x2  
  47  4:21  SCV, Marine  
  47  4:22  SCV  
  47  4:24  Marine  
  53  4:27  Supply Depot  
  53  4:31  Factory  
  53  4:35  SCV x2  
  53  4:36  Marine  
  53  4:38  Barracks Reactor  
  56  4:42  Marine x2  
  58  4:46  Marine x2  
  58  4:47  SCV  
  61  4:58  SCV  
  61  4:59  SCV  
  63  5:03  Supply Depot  
  63  5:05  Command Center  
  63  5:06  Marine  
  64  5:07  Marine  
  64  5:08  Supply Depot, Marine  
  64  5:12  Marauder  
  64  5:13  Marine  
  69  5:15  SCV  
  69  5:16  SCV  
  69  5:17  Factory Reactor  
  71  5:23  Starport  
  71  5:27  Marine x2, SCV  
  71  5:28  SCV  
  75  5:33  Supply Depot  
  75  5:37  Supply Depot  
  75  5:39  SCV, Marine  
  75  5:40  SCV  
  78  5:44  Marine  
  79  5:50  Armory  
  79  5:51  Marine  
  79  5:52  Marine  
  81  5:58  SCV x2  
  81  6:03  Terran Infantry Armor Level 1  
  83  6:09  Marine x2  
  83  6:10  Marine x2  
  83  6:11  Marauder  
  88  6:16  Supply Depot  
  88  6:18  Supply Depot  
  88  6:31  SCV x2  
  88  6:32  Marauder  
  90  6:43  SCV  
  90  6:44  Marine x2  
  90  6:45  Marine x3  
  90  6:46  Medivac x2  
  79  6:52  Marine  
  79  6:53  Marauder  
  77  6:56  SCV  
  77  6:57  SCV  
  79  7:02  Marine x2  
  79  7:03  Marine  
  79  7:05  Supply Depot  
  79  7:06  Supply Depot  
  79  7:07  Marine x2  
  84  7:09  SCV  
  84  7:10  Liberator, Marine  
  84  7:15  Barracks, SCV  
  87  7:16  Medivac  
  87  7:19  Barracks  
  89  7:25  Marine  
  89  7:26  Marine x5  
  98  7:38  Planetary Fortress  
  98  7:44  SCV x2  
  99  7:47  Refinery, Marine x2  
  99  7:48  Marine x5  
  99  7:49  Refinery  
  107  8:05  Marine x3  
  107  8:06  Marine x3  
  107  8:11  Marine  
  114  8:13  Medivac  
  114  8:14  Medivac  
  118  8:23  Marine x2  
  110  8:27  Marine x3  
  110  8:28  Barracks Reactor x2, Marine  
  114  8:35  Marine  
  114  8:41  Marine x2  
  116  8:44  Medivac  
  119  8:52  SCV x2  
  121  8:59  Marine x4  
  121  9:00  Marauder, Marine  
  121  9:01  Factory Tech Lab  
  128  9:14  Barracks  
  128  9:15  Barracks  
  128  9:19  Barracks  
  128  9:20  Barracks  
  128  9:21  Barracks  
  128  9:22  Marauder  
  128  9:23  Marine x3  
  128  9:24  Marine x6  
  134  9:25  Medivac, Marine  
  142  9:41  Marine x4  
  142  9:42  Marine x2  
  141  9:49  Marine  
  141  9:50  Marine x4  
  134  9:59  Marine x5  
  138  10:00  Medivac x2, Marine  
  142  10:07  Marine x2  
  142  10:08  Marine x3  
  147  10:14  Marine  
  147  10:15  Marine x4  
  147  10:16  Marine  
  147  10:17  Marine x3  
  156  10:23  Marine  
  156  10:26  Marine x2  
  156  10:27  Marine  
  156  10:28  Marine  
Tags
 
Composition
MMM Bio
League
GoldGold
Matchup
TvT
Race
Terran
Replay Pack
Nickos replay
Add a new tag
Caveats
  • Supply blocks, unpowered buildings, or Contaminate may cause inaccurate times.
  • Supply counts are checked every 10 seconds.